 Dungeon Crawl Stone Soup version 0.28-a0-1412-gf95308ed99 (webtiles) character file.

Game seed: 12077635456728663357

684 southernslant the Skirmisher (level 7, -6/43 HPs)
             Began as a Gargoyle Gladiator on Jan 7, 2022.
             Was an Initiate of Makhleb.
             Mangled by a komodo dragon (27 damage)
             ... on level 5 of the Dungeon.
             The game lasted 00:15:47 (4411 turns).

southernslant the Skirmisher (Gargoyle Gladiator)   Turns: 4411, Time: 00:15:48

Health: -6/43      AC:  9    Str: 17    XL:     7   Next: 62%
Magic:  9/9        EV: 12    Int:  9    God:    Makhleb [......]
Gold:   132        SH:  4    Dex: 13    Spells: 8/9 levels left

rFire   . . .      SeeInvis .   o - +6 mace of Slow Death {vorpal, Fly rC+ rN+ Will-}
rCold   + . .      Faith    .   i - +0 buckler
rNeg    + + +      Spirit   .   b - +0 leather armour
rPois   ∞          Reflect  .   c - +0 helmet
rElec   +          Harm     .   (no cloak)
rCorr   .          Rampage  .   (no gloves)
Will    ++...      Clarity  +   (no boots)
Stlth   ++........              q - amulet of the Four Winds {rN+ Will+++ Clar}
HPRegen 0.14/turn               (no ring)
MPRegen 0.11/turn               (no ring)

@: flying
A: sickness immunity, AC +4, negative energy resistance 1, electricity
resistance, torment resistance 1, petrification resistance
a: Renounce Religion


You were on level 5 of the Dungeon.
You worshipped Makhleb.
Makhleb was noncommittal.
You visited 2 branches of the dungeon, and saw 6 of its levels.

You collected 132 gold pieces.

Inventory:

Hand Weapons
 a - a +0 trident
 o - the +6 mace of Slow Death (weapon) {vorpal, Fly rC+ rN+ Will-}
   (You found it on level 2 of the Dungeon)

   It inflicts extra damage upon your enemies.
   rC:        It protects you from cold.
   rN:        It protects you from negative energy.
   Fly:       It grants you flight.
   Will:      It decreases your willpower.
 p - a +4 quarterstaff of chaos
Missiles
 d - 3 throwing nets
 g - 22 bolts
 j - 177 stones
 x - 15 poisoned darts (quivered)
Armour
 b - a +0 leather armour (worn)
 c - a +0 helmet (worn)
 i - a +0 buckler (worn)
 s - a +0 pair of gloves
Jewellery
 e - an amulet of reflection
 m - a ring of fire
 q - the amulet of the Four Winds (around neck) {rN+ Will+++ Clar}
   (You found it on level 2 of the Dungeon)

   [amulet of nothing]

   rN:        It protects you from negative energy.
   Clar:      It protects you against confusion.
   Will:      It greatly increases your willpower.
Wands
 z - a wand of polymorph (14)
 A - a wand of flame (16)
Scrolls
 f - 2 scrolls of teleportation {unknown}
 h - a scroll of noise {unknown}
 n - a scroll of enchant armour {unknown}
 r - 2 scrolls of fog {unknown}
 t - a scroll of identify {unknown}
 w - a scroll of vulnerability {unknown}
 y - 2 scrolls of fear {unknown}
Potions
 k - a potion of curing {unknown}
 l - 2 potions of brilliance {unknown}
 u - a potion of heal wounds {unknown}
 v - a potion of attraction {unknown}


   Skills:
 * Level 4.1 Fighting
 * Level 2.8 Maces & Flails
 - Level 3.0 Polearms
 - Level 2.3 Throwing
 * Level 3.3 Armour
 + Level 3.1 Dodging
 + Level 2.4 Stealth
 + Level 1.9 Shields
 + Level 1.7 Spellcasting
 + Level 2.7 Earth Magic


You had 8 spell levels left.
You knew the following spells:

 Your Spells              Type           Power      Damage    Failure   Level
a - Sandblast             Erth           10%        2d5       19%         1

Your spell library contained the following spells:

 Spells                   Type           Power      Damage    Failure   Level
 Passwall                 Tmut/Erth      2%         N/A       43%         2
 Stone Arrow              Conj/Erth      6%         3d7       67%         3
 Gell's Gravitas          Tloc           0%         N/A       86%         3
 Teleport Other           Tloc           0%         N/A       86%         3
 Cause Fear               Hex            0%         N/A       99%         4
 Dispersal                Tloc           0%         N/A       100%        6
 Dragon Form              Tmut           0%         N/A       100%        7
 Dragon's Call            Summ           0%         N/A       100%        9


Dungeon Overview and Level Annotations

Branches:
Dungeon (5/15)             Temple (1/1) D:5

Altars:
Ashenzari
Dithmenos
Elyvilon
Fedhas
Gozag
Kikubaaqudgha
Makhleb
Nemelex Xobeh
Okawaru
Qazlal
Ru
Sif Muna
Trog
Uskayaw
Vehumet
Wu Jian
Xom
Yredelemnul
Zin
The Shining One

Shops:
D:2 (


Innate Abilities, Weirdness & Mutations

You are immune to sickness and miasma.
Your stone body is resilient. (AC +4)
You are immune to poison.
You resist negative energy. (rN+)
You are resistant to electric shocks. (rElec)
You are resistant to unholy torment.
You are immune to petrification.


Message History

The black bear claws you but does no damage.
The black bear barely misses you.
You barely miss the black bear.
The black bear is heavily wounded.
You block the black bear's attack. The black bear misses you.
The black bear barely misses you.
You closely miss the black bear.
The black bear is severely wounded.
The black bear barely misses you. x3
You sock the black bear!
You kill the black bear!
Makhleb accepts your kill.
Your Fighting skill increases to level 4!
x - 17 poisoned darts (gained 2)
A - a wand of flame (16)
You now have 132 gold pieces (gained 7).
A komodo dragon comes into view.
Throw: 17 darts (poison)
Press: ? - help, Q - select action, (/) - cycle Shift-Dir - straight line, f - komodo dragon
Aim: a komodo dragon (wandering, hasn't noticed you, 68% to hit)
You throw a poisoned dart.
The poisoned dart barely misses the komodo dragon.
The komodo dragon hisses angrily.
Throw: 16 darts (poison)
Press: ? - help, Q - select action, (/) - cycle Shift-Dir - straight line, f/p - komodo dragon
Aim: a komodo dragon (68% to hit)
You throw a poisoned dart.
The poisoned dart hits the komodo dragon.
The komodo dragon is poisoned.
You hit the komodo dragon.
The komodo dragon is lightly wounded.
The komodo dragon bites you.
You thump the komodo dragon!
The komodo dragon is heavily wounded.
The komodo dragon bites you!
You hit the komodo dragon.
The komodo dragon is heavily wounded.
The komodo dragon barely misses you. The komodo dragon bites you!!
Ouch! That really hurt!
You die...

..............# #...
#...........#.# #...
#......<...##.#######..
##.#.......##......# ##.
(..#.########......##...
#... #.........#. ##..#
#......####. #..(###
#......# ##. #...l@#
#......###..
.....##.#####...........
... #............##..#
............#......#....
####..#####...........##
#... ######....### ...#
#.......### ####
#.......... #..........


You could see a komodo dragon (poisoned).

Vanquished Creatures
  An ice beast (D:5)
  2 black bears (D:5)
  An ogre (D:5)
  A scorpion (D:4)
  A howler monkey (D:4)
  An orc priest (D:4)
  A hound (D:4)
  Crazy Yiuf (D:2)
  An iguana (D:4)
  5 adders
  A white imp (D:3)
  An ufetubus (D:5)
  An adder skeleton (D:4)
  2 worms (D:2)
  2 dart slugs (D:4)
  4 orcs (D:4)
  2 bats
  2 endoplasms (D:3)
  2 giant cockroaches
  2 goblins (D:1)
  6 hobgoblins
  5 jackals
  A quokka (D:3)
  9 ball pythons
  A frilled lizard (D:3)
  6 kobolds
  4 rats
66 creatures vanquished.

Vanquished Creatures (others)
  A butterfly (D:4)
1 creature vanquished.

Grand Total: 67 creatures vanquished

Notes
Turn   | Place    | Note
-------+----------+-------------------------------------------
     0 | D:1      | southernslant the Gargoyle Gladiator began the quest for
                  | the Orb.
     0 | D:1      | Reached XP level 1. HP: 12/12 MP: 1/1
   116 | D:1      | Found a faded altar of an unknown god.
   314 | D:1      | You fall into a shaft and drop 1 floor!
   330 | D:2      | Found Catiopp's Weapon Shop.
   339 | D:2      | Reached XP level 2. HP: 18/18 MP: 2/2
   401 | D:2      | Reached skill level 1 in Armour
   401 | D:2      | Reached XP level 3. HP: 22/22 MP: 3/3
   595 | D:2      | Reached skill level 1 in Stealth
   807 | D:2      | Identified the +6 mace of Slow Death {vorpal, Fly rC+ rN+
                  | Will-}
   811 | D:2      | Found a runed translucent door.
   812 | D:2      | Noticed Crazy Yiuf
   819 | D:2      | Killed Crazy Yiuf
   820 | D:2      | Reached XP level 4. HP: 15/27 MP: 4/4
   978 | D:2      | Found the amulet of the Four Winds {rN+ Will+++ Clar}
  1014 | D:2      | Reached skill level 1 in Earth Magic
  1824 | D:1      | Learned a level 1 spell: Sandblast
  2033 | D:3      | Found a stormy altar of Qazlal.
  2129 | D:3      | Reached skill level 1 in Maces & Flails
  2320 | D:3      | Reached XP level 5. HP: 32/32 MP: 6/6
  2836 | D:4      | Reached skill level 3 in Fighting
  2836 | D:4      | Reached skill level 1 in Spellcasting
  3174 | D:4      | Reached XP level 6. HP: 34/37 MP: 7/7
  3222 | D:4      | Reached skill level 1 in Shields
  3288 | D:4      | Found an ancient bone altar of Kikubaaqudgha.
  3396 | D:4      | Found a glowing silver altar of Zin.
  3746 | D:4      | Found a white marble altar of Elyvilon.
  3932 | D:5      | Entered Level 5 of the Dungeon
  3956 | D:5      | Found a staircase to the Ecumenical Temple.
  3974 | D:5      | Noticed a black bear
  3979 | Temple   | Entered the Ecumenical Temple
  4175 | Temple   | Became a worshipper of Makhleb the Destroyer
  4203 | D:5      | Killed a black bear
  4204 | D:5      | Reached XP level 7. HP: 42/42 MP: 9/9
  4385 | D:5      | Reached skill level 4 in Fighting
  4406 | D:5      | Noticed a komodo dragon
  4411 | D:5      | Mangled by a komodo dragon

Illustrated notes

Levels and vault maps discovered:
D:1:      onia_arrival_mini_maze_b, layout_loops_ring,
          shapermc_ecumenical_altar_starsandcircs
D:2:      layout_loops_corners, serial_shops, nicolae_shop_bloodbath_and_beyond,
          minmay_tripent, uniq_crazy_yiuf_cottage
D:3:      layout_basic, mainiacjoe_overflow_24_doors, serial_aquarium,
          aquarium_bridge_square [aquarium_subvault_bridge,
          aquarium_subvault_bridge, aquarium_subvault_wall,
          aquarium_subvault_window], aquarium_bridge_island_small
          [aquarium_subvault_small_open, aquarium_subvault_bridge,
          aquarium_subvault_wall, aquarium_subvault_bridge,
          aquarium_subvault_bridge], aquarium_window_1, aquarium_window_1,
          aquarium_view_2c, aquarium_view_2e
D:4:      layout_basic, grunt_temple_overflow_open,
          nicolae_elyvilon_peaceful_grove, hangedman_abyss_or_decor_slice
D:5:      layout_rooms, minmay_temple_entry_slanted, chequers_garden,
          st_stairs_6
Temple:   lightli_temple_of_artemis

Skill      XL: |  1  2  3  4  5  6  7 |
---------------+----------------------+-----
Armour         | 1 2 3 |  3.3
Stealth        | 1 2 |  2.4
Polearms       | 3 |  3.0
Throwing       | 2 |  2.3
Earth Magic    | 1 2 |  2.7
Maces & Flails | 1 2 |  2.8
Fighting       | 3 4 |  4.1
Spellcasting   | 1 |  1.7
Shields        | 1 |  1.9
Dodging        | 3 |  3.1

Action                   |  1- 3 |  4- 6 |  7- 9 || total
-------------------------+-------+-------+-------++-------
Melee: Trident           |    51 |       |       ||    51
       Mace              |     4 |    99 |    13 ||   116
Throw: Stone             |       |    10 |       ||    10
       Dart              |       |     4 |     9 ||    13
 Stab: Sleeping          |     1 |     3 |       ||     4
Armor: Leather armour    |    17 |    24 |     8 ||    49
Dodge: Dodged            |    27 |    61 |    13 ||   101
Block: Other             |    13 |       |       ||    13
       Reflection        |     1 |       |       ||     1
       Buckler           |       |     9 |     2 ||    11

Table legend: (Time is in decaauts)
 A = Elapsed time spent in this place.
 B = Non-inter-level travel time spent in this place.
 C = Inter-level travel time spent in this place.
 D = Time resting spent in this place.
 E = Time spent auto-exploring this place.
 F = Levels seen in this place.
 G = Mean time per level.
                   A        B        C        D        E       F      G
               +--------+--------+--------+--------+--------+-----+--------+
         Total |   4460 |   4408 |     52 |      0 |   3317 |   6 |  743.3 |
       Dungeon |   4250 |   4198 |     52 |      0 |   3273 |   5 |  850.0 |
        Temple |    210 |    210 |      0 |      0 |     44 |   1 |  210.0 |
               +--------+--------+--------+--------+--------+-----+--------+

Top non-repeatable levels by time:
     D:2: 1116 daAuts
     D:3: 1013 daAuts
     D:4: 997 daAuts
     D:1: 849 daAuts
     D:5: 273 daAuts
  Temple: 210 daAuts
